 Dungeon Crawl Stone Soup version 0.28.0-49-g6dfe1f597d (webtiles) character file.

Game seed: 14936937205467936955

95 Exodus22XD the Poker (level 4, 0/33 HPs)
             Began as a Demonspawn Gladiator on May 15, 2022.
             Slain by an ogre
             ... wielding a +0 giant club
              (16 damage)
             ... on level 4 of the Dungeon.
             The game lasted 00:01:43 (2365 turns).

Exodus22XD the Poker (Demonspawn Gladiator)         Turns: 2365, Time: 00:01:43

Health: 0/33       AC: 10    Str: 17    XL:     4   Next: 40%
Magic:  4/4        EV: 14    Int:  9    God:
Gold:   157        SH:  0    Dex: 14    Spells: 3/3 levels left

rFire   . . .      SeeInvis .   a - +0 trident
rCold   . . .      Faith    .   (no shield)
rNeg    . . .      Spirit   .   q - +0 scale mail
rPois   .          Reflect  .   c - +0 helmet
rElec   .          Harm     .   m - +1 cloak
rCorr   .          Rampage  .   (no gloves)
Will    .....                   l - +0 pair of boots
Stlth   ..........              (no amulet)
HPRegen 0.11/turn               p - +4 ring of evasion
MPRegen 0.09/turn               (no ring)

@: no status effects
A: claws 1, foul stench 1, spiny 1
a: no special abilities


You were on level 4 of the Dungeon.
You visited 1 branch of the dungeon, and saw 4 of its levels.

You collected 157 gold pieces.

Inventory:

Hand Weapons
 a - a +0 trident (weapon)
Missiles
 d - 3 throwing nets (quivered)
Armour
 c - a +0 helmet (worn)
 l - a +0 pair of boots (worn)
 m - a +1 cloak (worn)
 q - a +0 scale mail (worn)
Jewellery
 p - a +4 ring of evasion (left claw)
 r - a +4 ring of slaying
Scrolls
 e - a scroll of fog {unknown}
 j - 3 scrolls of identify {unknown}
 k - 2 scrolls of teleportation {unknown}
 n - a scroll of blinking {unknown}
Potions
 b - a potion of cancellation {unknown}
 f - a potion of mutation {unknown}
 g - a potion of brilliance {unknown}
 h - 2 potions of ambrosia {unknown}
 i - a potion of flight {unknown}
 o - 2 potions of curing {unknown}


   Skills:
 + Level 2.2 Fighting
 + Level 3.7 Polearms
 + Level 1.8 Throwing
 + Level 1.0 Armour
 + Level 3.4 Dodging
 + Level 0.5 Stealth


You had 3 spell levels left.
You didn't know any spells.
Your spell library contained the following spells:

 Spells                   Type           Power      Damage    Failure   Level
 Apportation              Tloc           0%         N/A       82%         1
 Alistair's Intoxication  Tmut/Pois      0%         N/A       100%        5


Dungeon Overview and Level Annotations

Branches:
Dungeon (4/15)
 Temple: D:4-7

Altars:


Innate Abilities, Weirdness & Mutations

You have sharp fingernails.
You may rarely emit foul miasma when damaged in melee.
You are partially covered in sharp spines.


Message History

You hit the hobgoblin.
You kill the hobgoblin!
You see here a hobgoblin corpse.
j - 3 scrolls labelled SUSOL NUQAPPE (gained 1)
Found a pair of boots.
No target in view!
You see here a +0 pair of boots.
You now have 141 gold pieces (gained 11).
You now have 157 gold pieces (gained 16).
A ball python comes into view.
A ball python is nearby!
A ball python is nearby!
You reach to attack!
You closely miss the ball python.
A ball python is nearby!
You closely miss the ball python. The ball python closely misses you.
You puncture the ball python!
You kill the ball python!
No target in view!
You see here a +0 pair of boots.
l - a +0 pair of boots You start putting on your armour.
You continue putting on your +0 pair of boots. x4
You finish putting on your +0 pair of boots.
No target in view!
Found a robe.
r - a +4 ring of slaying No target in view!
An ogre comes into view. It is wielding a +0 giant club.
The ogre shouts!
An ogre is nearby!
An ogre is nearby!
An ogre is nearby!
You hit the ogre but do no damage. The ogre hits you with a +0 giant club!
Ouch! That really hurt!
You puncture the ogre!
The ogre is moderately wounded.
You hit the ogre.
The ogre is heavily wounded.
The ogre hits you with a +0 giant club!
You die...

#...####.##.##.##.#
...##...####.##.......#
.............####...###
#######.###### #..†#
#.....# #...# #.#.#.#
#...# #.#.#.### #....
#.......#####...##
#....@...........
#....O............
#...[........
##.#.##.##### #... .#
..#. ## ..##. ## #.


You could see an ogre.

Vanquished Creatures
  3 adders (D:2)
  A worm (D:2)
  3 dart slugs
  An orc (D:3)
  4 bats
  2 endoplasms
  6 hobgoblins
  7 jackals
  2 quokkas
  10 ball pythons
  4 frilled lizards
  2 goblins
  3 kobolds
  13 rats
61 creatures vanquished.

Notes
Turn   | Place    | Note
-------+----------+-------------------------------------------
     0 | D:1      | Exodus22XD the Demonspawn Gladiator began the quest for the
                  | Orb.
     0 | D:1      | Reached XP level 1. HP: 16/16 MP: 1/1
   301 | D:1      | Gained mutation: You have sharp fingernails. [demonic
                  | ancestry]
   301 | D:1      | Reached XP level 2. HP: 22/22 MP: 2/2
   346 | D:1      | Found a faded altar of an unknown god.
   894 | D:2      | Gained mutation: You are partially covered in sharp spines.
                  | [demonic ancestry]
   894 | D:2      | Reached XP level 3. HP: 24/27 MP: 3/3
  1449 | D:2      | Gained mutation: You may rarely emit foul miasma when
                  | damaged in melee. [demonic ancestry]
  1449 | D:2      | Reached XP level 4. HP: 31/33 MP: 4/4
  2087 | D:3      | Reached skill level 1 in Armour
  2359 | D:4      | Noticed an ogre
  2365 | D:4      | Slain by an ogre

Illustrated notes

Levels and vault maps discovered:
D:1:      amcnicky_arrival_flooded_fountain, layout_rooms,
          dilly_ecumenical_altar_fadedgnrine
D:2:      layout_loops_cross
D:3:      layout_loops_ring
D:4:      layout_loops_cross, serial_bayou_pond_b

Skill      XL: |  1  2  3  4 |
---------------+-------------+-----
Dodging        | 3 |  3.4
Polearms       | 3 |  3.7
Armour         | 1 |  1.0
Fighting       | |  2.2
Throwing       | |  1.8
Stealth        | |  0.5

Action                   |  1- 3 |  4- 6 || total
-------------------------+-------+-------++-------
Melee: Trident           |   130 |    54 ||   184
 Stab: Sleeping          |     1 |       ||     1
Armor: Leather armour    |    15 |       ||    15
       Ring mail         |    17 |     6 ||    23
       Scale mail        |       |     1 ||     1
Dodge: Dodged            |    76 |    18 ||    94
